 Dungeon Crawl Stone Soup version 0.29-a0-582-ge82337ba6a (webtiles) character file.

Game seed: 12557981857575071307

3 RancidPinata the Sneak (level 1, -2/14 HPs)
             Began as a Gargoyle Delver on June 14, 2022.
             Slain by a goblin
             ... wielding a +0 club
              (3 damage)
             ... on level 4 of the Dungeon.
             The game lasted 00:00:47 (83 turns).

RancidPinata the Sneak (Gargoyle Delver)              Turns: 83, Time: 00:00:47

Health: -2/14      AC:  5    Str: 15    XL:     1   Next: 50%
Magic:  1/1        EV: 11    Int: 10    God:
Gold:   13         SH:  0    Dex: 11    Spells: 0/0 levels left

rFire   . . .      SeeInvis .   a - +0 mace
rCold   . . .      Faith    .   (no shield)
rNeg    + . .      Spirit   .   b - +0 leather armour
rPois   ∞          Reflect  .   (no helmet)
rElec   +          Harm     .   (no cloak)
rCorr   .          Rampage  .   (no gloves)
Will    .....                   (no boots)
Stlth   +++.......              (no amulet)
HPRegen 0.04/turn               (no ring)
MPRegen 0.07/turn               (no ring)

@: no status effects
A: sickness immunity, AC +2, negative energy resistance 1, electricity
resistance, torment resistance 1, petrification resistance
a: no special abilities


You were on level 4 of the Dungeon.
You visited 1 branch of the dungeon, and saw 3 of its levels.

You collected 13 gold pieces.

Inventory:

Hand Weapons
 a - a +0 mace (weapon)
Armour
 b - a +0 leather armour (worn)
Wands
 g - a wand of digging (3)
Scrolls
 c - a scroll of fog
 d - a scroll of magic mapping
 e - a scroll of fear
 h - a scroll of blinking {unknown}
Potions
 f - a potion of haste


   Skills:
 + Level 3.3 Fighting
 + Level 2.1 Maces & Flails
 + Level 1.6 Dodging
 + Level 5.5 Stealth


You couldn't memorise any spells.
You didn't know any spells.
Your spell library was empty.

Dungeon Overview and Level Annotations

Branches:
Dungeon (6/15)
 Temple: D:4-7

Altars:

Shops:
D:5 *(

Annotations:
D:6 Menkaure


Innate Abilities, Weirdness & Mutations

You are immune to sickness and miasma.
Your stone body is resilient. (AC +2)
You are immune to poison.
You resist negative energy. (rN+)
You are resistant to electric shocks. (rElec)
You are resistant to unholy torment.
You are immune to petrification.


Message History

You now have 13 gold pieces (gained 10).
The orc shouts!
A bullfrog and a goblin come into view.
You hit the orc but do no damage. The orc hits you but does no damage.
You hit the orc but do no damage. The orc hits you with a +0 hand axe.
You hit the orc.
The orc is heavily wounded.
The orc hits you with a +0 hand axe. x2
You hit the orc but do no damage.
The orc is moderately wounded.
The bullfrog gives a loud, deep croak!
The orc barely misses you. The goblin hits you but does no damage.
An ufetubus comes into view.
You closely miss the orc.
The orc is moderately wounded.
The orc hits you but does no damage. The goblin hits you but does no damage.
The bullfrog barely misses you.
You hit the orc.
The orc is heavily wounded.
The bullfrog barely misses you. The orc hits you but does no damage.
The goblin misses you. The bullfrog misses you. The orc closely misses you.
The goblin misses you.
The ufetubus shouts!
You hit the orc but do no damage.
The orc is heavily wounded.
You hear the slow rusting of a drain very nearby.
The bullfrog barely misses you. x2; The orc hits you with a +0 hand axe.
* * * LOW HITPOINT WARNING * * *
The goblin misses you.
You hit the orc.
You kill the orc!
The bullfrog closely misses you. The goblin hits you with a +0 club.
* * * LOW HITPOINT WARNING * * *
The bullfrog completely misses you. The bullfrog attacks as you move away!
The bullfrog completely misses you.
The bullfrog hits you but does no damage.
Things that are here:
a +0 hand axe; a +0 leather armour; an orc corpse The goblin attacks as you move away!
The goblin hits you with a +0 club.
You die...

#O# #.. #.#### ## ##..
########.#.. ...
#..###...##...#.##.#
.###..##...........#..
.......)............. .
##..>.............# ..
.#....#............##.##.
....#.##........@g5......
..#.#.###...#....F..##..
......# #####.####..#
.##...#### #.# .....
##.#....## #.# #.#...#
.#..#.##†.###.# .# .##
....#.###.....# .. ..
##.......###..# ## .
#.##.##.## ###


You could see a bullfrog, an ufetubus and a goblin.

Vanquished Creatures
  An orc (D:4)
  A ball python (D:4)
2 creatures vanquished.

Notes
Turn   | Place    | Note
-------+----------+-------------------------------------------
     0 | D:5      | RancidPinata the Gargoyle Delver began the quest for the
                  | Orb.
     0 | D:5      | Reached XP level 1. HP: 14/14 MP: 1/1
     0 | D:5      | Found Optesk's General Store.
    23 | D:6      | Noticed Menkaure
    23 | D:6      | Noticed an iguana
    44 | D:4      | Noticed an orc wizard
    58 | D:4      | Noticed an ogre
    71 | D:4      | Noticed a bullfrog
    83 | D:4      | Slain by a goblin

Illustrated notes

Levels and vault maps discovered:
D:4:      layout_rooms, portal_sewer_entry_d, hangedman_decor_clover_reticule
D:5:      kennysheep_spiral_hall, layout_cave_pools, serial_shops,
          nicolae_shop_waterfront, nicolae_shop_hallway_plus, kennysheep_mini,
          shop, shop, minmay_puff, uniq_crazy_yiuf_cottage, uniq_edmund,
          uniq_grinder
D:6:      layout_loops_ring, chequers_ossuary_entry_cave, ebering_ghost_sewer_f,
          grunt_ministairs_13, uniq_menkaure

Action                   || total
-------------------------++-------
Melee: Mace              ||     9
 Stab: Sleeping          ||     1
Armor: Leather armour    ||     6
Dodge: Dodged            ||    13

Table legend: (Time is in decaauts)
 A = Elapsed time spent in this place.
 B = Non-inter-level travel time spent in this place.
 C = Inter-level travel time spent in this place.
 D = Time resting spent in this place.
 E = Time spent auto-exploring this place.
 F = Levels seen in this place.
 G = Mean time per level.
                   A        B        C        D        E       F      G
               +--------+--------+--------+--------+--------+-----+--------+
         Total |     85 |     85 |      0 |      0 |      0 |   3 |   28.3 |
       Dungeon |     85 |     85 |      0 |      0 |      0 |   3 |   28.3 |
               +--------+--------+--------+--------+--------+-----+--------+

Top non-repeatable levels by time:
     D:4: 52 daAuts
     D:5: 27 daAuts
     D:6: 5 daAuts
